 Dungeon Crawl Stone Soup version 0.16.1-11-g651b585 (webtiles) character file.

860 Chiseanne the Skirmisher (level 7, 0/56 HPs)
             Began as a Mummy Wanderer on Mar 30, 2015.
             Was a Believer of Okawaru.
             Slain by Pikel
             ... wielding a +0 whip of freezing
              (6 damage)
             ... on level 5 of the Dungeon.
             The game lasted 00:15:44 (5898 turns).

Chiseanne the Skirmisher (Mummy Wanderer)           Turns: 5898, Time: 00:15:44

Health: 0/56       AC: 14    Str: 18    XL:     7   Next: 71%
Magic:  10/10      EV: 14    Int: 11    God:    Okawaru [**....]
Gold:   314        SH:  0    Dex: 12    Spells: 0 memorised, 6 levels left

rFire  x . .     SeeInvis .     s - +0 flail (protect)
rCold  + . .     Clarity  .     h - +0 scale mail
rNeg   + + +     SustAb   .     (no shield)
rPois  ∞         Gourm    .     (no helmet)
rElec  .         Spirit   .     i - +0 cloak
rCorr  .         Warding  .     (no gloves)
rMut   .         Stasis   .     d - +0 pair of boots
MR     .....                    g - amulet of faith
Stlth  +.........               r - +2 ring of dexterity
                                o - +3 ring of evasion

@: not resistant to hostile enchantments, very unstealthy
A: no food or potions, fire vulnerability, restore body, cold resistance 1,
negative energy resistance 3, poison resistance, torment resistance, unbreathing
a: Heroism, Renounce Religion


You were on level 5 of the Dungeon.
You worshipped Okawaru.
Okawaru was pleased with you.
You were not hungry.

You visited 2 branches of the dungeon, and saw 6 of its levels.

You collected 314 gold pieces.

Inventory:

Hand weapons
 a - a +3 short sword
 n - a +0 rapier
 s - a +0 flail of protection (weapon)
 w - a +0 blowgun
Missiles
 c - 26 sling bullets
 e - 8 poisoned arrows
 f - 49 arrows
 k - 14 poisoned needles
 p - 12 bolts
Armour
 d - a +0 pair of boots (worn)
 h - a +0 scale mail (worn)
 i - a +0 cloak (worn)
Jewellery
 g - an amulet of faith (around neck)
 o - a +3 ring of evasion (left hand)
 r - a +2 ring of dexterity (right hand)
Magical devices
 l - a wand of confusion (15)
 m - a wand of polymorph (0)
 q - a wand of fire (0)
Scrolls
 b - 2 scrolls of magic mapping
 j - 2 scrolls of identify
 t - 3 scrolls of remove curse


   Skills:
 - Level 5.3 Fighting
 - Level 1.0 Short Blades
 * Level 3.0 Armour
 * Level 4.8 Dodging
 - Level 2.4 Stealth
 * Level 2.9 Evocations


You had 6 spell levels left.
You didn't know any spells.

Dungeon Overview and Level Annotations

Branches:
Dungeon (5/15)             Temple (1/1) D:4

Altars:
Ashenzari
Cheibriados
Dithmenos
Elyvilon
Fedhas
Gozag
Kikubaaqudgha
Okawaru
Ru
Sif Muna
Trog
Xom
Yredelemnul
Zin

Shops:
D:5 (

Annotations:
D:5 Duvessa, Pikel


Innate Abilities, Weirdness & Mutations

You do not eat or drink.
Your flesh is vulnerable to fire.
Your flesh is cold resistant.
You are immune to negative energy.
Your system is resistant to poisons.
You are immune to unholy pain and torment.
You can survive without breathing.


Message History

Pikel is severely wounded.
The giant frog skeleton completely misses you.
Pikel completely misses you.
The giant frog skeleton barely misses you.
Your scale mail prevents you from hitting Pikel.
Pikel is severely wounded.
The giant frog skeleton barely misses you.
Pikel hits you but does no damage.
The giant frog skeleton closely misses you.
Pikel barely misses you.
You hit Pikel.
Pikel is severely wounded.
The giant frog skeleton completely misses you.
Pikel misses you. The giant frog skeleton hits you.
* * * LOW HITPOINT WARNING * * *
You hit Pikel but do no damage.
Pikel is almost dead.
The giant frog skeleton hits you but does no damage.
Pikel hits you with a whip of freezing.
You die...

#..#...#.##............###
#.##
#†.##..#.##.##.......###
#<##
..........).##.#...#.#
#.{.
##.......#####.#...#.#
#.## ####.#### #.#...#.#
.... #.# #.......# #.##.##
#.# ####pp#.# # #.#
#####.# ##K###.# #..
......# #@## #.# #..
####### ##Z# ## ### ..#
##.# ... ... #


You could see Pikel, 2 slaves and a giant frog skeleton.

Vanquished Creatures
  Eustachio (D:4)
  A phantom (D:4)
  A sky beast (D:4)
  Dowan (D:5)
  An iguana (D:5)
  2 hounds
  A jelly (D:4)
  An orc priest (D:5)
  A centaur skeleton (D:4)
  A giant frog skeleton (D:4)
  An orc wizard (D:5)
  A worker ant (D:4)
  A killer bee zombie (D:5)
  A hound skeleton (D:5)
  7 gnolls
  5 adders
  A giant mite (D:2)
  A shadow imp (D:5)
  2 adder skeletons
  An adder zombie (D:5)
  5 giant geckos
  An ooze (D:1)
  6 orcs
  11 bats
  4 giant cockroaches
  8 goblins
  14 hobgoblins
  2 jackals (D:1)
  10 kobolds
  3 giant newts
  3 quokkas
  12 rats
111 creatures vanquished.

Notes
Turn   | Place    | Note
--------------------------------------------------------------
     0 | D:1      | Chiseanne, the Mummy Wanderer, began the quest for the Orb.
     0 | D:1      | Chiseanne set off with: a wand of confusion (15), a +0 robe, a +0 club, a +0 dagger
     0 | D:1      | Reached XP level 1. HP: 18/18 MP: 1/1
   406 | D:1      | Reached XP level 2. HP: 13/24 MP: 2/2
  1670 | D:2      | Reached XP level 3. HP: 20/29 MP: 3/3
  1892 | D:2      | Found an iron altar of Okawaru.
  1974 | D:2      | Became a worshipper of Warmaster Okawaru
  2010 | D:2      | Found a blossoming altar of Fedhas.
  2440 | D:2      | Reached XP level 4. HP: 27/37 MP: 5/5
  3620 | D:3      | Reached skill level 4 in Fighting
  4264 | D:3      | Reached XP level 5. HP: 38/42 MP: 6/6
  4292 | D:4      | Reached skill level 1 in Armour
  4321 | D:4      | Noticed Eustachio
  4344 | D:4      | Killed Eustachio
  4344 | D:4      | Acquired Okawaru's first power
  4344 | D:4      | Reached XP level 6. HP: 42/49 MP: 8/8
  4661 | D:4      | Noticed a phantom
  4678 | D:4      | Killed a phantom
  4810 | D:4      | Found a staircase to the Ecumenical Temple.
  4825 | Temple   | Entered the Ecumenical Temple
  4948 | D:4      | Reached XP level 7. HP: 53/55 MP: 9/9
  5085 | D:5      | Entered Level 5 of the Dungeon
  5090 | D:5      | Noticed Pikel
  5128 | D:4      | Reached skill level 5 in Fighting
  5611 | D:5      | Noticed Dowan
  5613 | D:5      | Noticed Duvessa
  5669 | D:5      | Killed Dowan
  5741 | D:5      | Found Psuch's Weapon Shop.
  5898 | D:5      | Slain by Pikel

Action                   |  1- 3 |  4- 6 |  7- 9 || total
-------------------------+-------+-------+-------++-------
Melee: Short sword       |   239 |   221 |   166 ||   626
       Club              |     4 |       |       ||     4
       Flail             |       |     9 |    11 ||    20
 Fire: Blowgun           |       |    20 |     2 ||    22
Evoke: Wand              |       |     2 |     2 ||     4
  Use: Scroll            |     3 |     6 |     1 ||    10
